 Dungeon Crawl Stone Soup version 0.23.1 (webtiles) character file.

Game seed: 4922642058754994755

88 PentaManta the Cutter (level 4, -2/28 HPs)
             Began as a Kobold Monk on Mar 14, 2019.
             Slain by an orc
             ... wielding a cursed +0 club
              (7 damage)
             ... on level 3 of the Dungeon.
             The game lasted 00:06:02 (2229 turns).

PentaManta the Cutter (Kobold Monk)                 Turns: 2229, Time: 00:06:03

Health: -2/28      AC:  3    Str: 13    XL:     4   Next: 81%
Magic:  4/4        EV: 16    Int: 11    God:
Gold:   137        SH:  0    Dex: 18    Spells: 3/3 levels left

rFire    . . .     SeeInvis .   a - +0 short sword
rCold    . . .     Gourm    .   (shield restricted)
rNeg     . . .     Faith    .   b - +0 robe
rPois    .         Spirit   .   (no helmet)
rElec    .         Reflect  .   (no cloak)
rCorr    .         Harm     .   f - +0 pair of gloves
MR       .....                  (no boots)
Stlth    ++........             (no amulet)
HPRegen  0.09/turn              (no ring)
MPRegen  0.09/turn              (no ring)

@: mighty, lethally poisoned (-2 -> -6)
A: small, carnivore
a: no special abilities


You were on level 3 of the Dungeon.
You were not hungry.

You visited 1 branch of the dungeon, and saw 3 of its levels.

You collected 137 gold pieces.

Inventory:

Hand Weapons
 a - a +0 short sword (weapon)
 n - a +0 hunting sling
Missiles
 h - 4 steel tomahawks (quivered)
Armour
 b - a +0 robe (worn)
 f - a +0 pair of gloves (worn)
Scrolls
 g - 2 scrolls of remove curse
Potions
 j - a potion of ambrosia {unknown}
 m - 2 potions of degeneration {unknown}
 o - a potion of mutation {unknown}
Comestibles
 c - 7 rations


   Skills:
 * Level 3.6 Fighting
 + Level 6.6 Short Blades
 - Level 3.6 Dodging
 - Level 2.6 Stealth


You had 3 spell levels left.
You didn't know any spells.
Your spell library was empty.

Dungeon Overview and Level Annotations

Branches:
Dungeon (3/15)

Altars:
Elyvilon
Gozag


Innate Abilities, Weirdness & Mutations

You are small and have problems with some larger weapons.
You are carnivorous and can eat meat at any time.


Message History

You kill the goblin!
You feel sick.
You closely miss the rat. The rat barely misses you.
You puncture the rat!
You kill the rat!
You feel sick.
The orc priest looks encouraged for a moment.
You puncture the orc priest!
The orc priest is almost dead.
The orc hits you with a cursed +0 club.
* * * LOW HITPOINT WARNING * * *
The orc priest barely misses you.
You barely miss the orc priest.
The orc priest is almost dead.
* * * LOW HITPOINT WARNING * * *
You feel sick.
You closely miss the orc priest.
The orc priest is almost dead.
The orc hits you with a cursed +0 club!
You die...

,,,,*,* #.#,*,*
*****,****,#,#.*
,**,,,,,,#.#.#.*
,**,*,**.#.#.#.*
,**,*,**.......#####*
,**,*,**##.........,*
,,*,,,,,,........!#,*
*,***,*####...#...#,*
,,,,,,,......#.#@.#,*
*,,**,*****,#._o#o..#
**,**,* #..#)#)...#
*,**,* #...#...#!#
*,,*,* #...,.....#
**,*,* ###.,....##
*,,,* ##*#####
****,,* ,,,,,>*


You could see an orc priest and an orc.

Vanquished Creatures
  3 adders
  An ooze (D:2)
  A worm (D:2)
  A dart slug (D:2)
  A leopard gecko (D:2)
  2 orcs (D:3)
  2 ball pythons (D:2)
  A giant cockroach (D:1)
  11 goblins
  2 hobgoblins (D:1)
  4 jackals
  5 bats
  3 frilled lizards
  4 kobolds
  7 rats
48 creatures vanquished.

Notes
Turn   | Place    | Note
-------+----------+-------------------------------------------
     0 | D:1      | PentaManta the Kobold Monk began the quest for the Orb.
     0 | D:1      | Reached XP level 1. HP: 14/14 MP: 1/1
   162 | D:1      | Reached XP level 2. HP: 14/19 MP: 2/2
  1030 | D:1      | Reached skill level 5 in Short Blades
  1244 | D:2      | Reached XP level 3. HP: 22/23 MP: 3/3
  1582 | D:2      | Found an opulent altar of Gozag.
  1583 | D:2      | Found a white marble altar of Elyvilon.
  1799 | D:2      | Reached skill level 6 in Short Blades
  1821 | D:2      | Reached XP level 4. HP: 23/28 MP: 4/4
  2218 | D:3      | Found a faded altar of an unknown god.
  2229 | D:3      | Slain by an orc

Skill      XL: |  1  2  3 |
---------------+----------+-----
Short Blades   | 5 6 |  6.6
Fighting       | |  3.6
Dodging        | |  3.6
Stealth        | |  2.6

Action                   |  1- 3 |  4- 6 || total
-------------------------+-------+-------++-------
Melee: Short sword       |   143 |    29 ||   172
Throw: Tomahawk          |     4 |     1 ||     5
  Use: Scroll            |       |     3 ||     3
       Potion            |       |     2 ||     2
 Stab: Sleeping          |     9 |     3 ||    12
       Distracted        |       |     1 ||     1
  Eat: Chunk             |     8 |       ||     8
Armor: Robe              |    16 |     3 ||    19
Dodge: Dodged            |    97 |    18 ||   115
